 Dungeon Crawl Stone Soup version 0.23-a0-644-gb60d84b (webtiles) character file.

81 Borgoz the Ruffian (level 4, -15/37 HPs)
             Began as a Ghoul Gladiator on Jan 1, 2019.
             Killed by divine providence
             ... invoked by an orc priest
              (17 damage)
             ... on level 3 of the Dungeon.
             The game lasted 00:02:28 (1436 turns).

Borgoz the Ruffian (Ghoul Gladiator)                Turns: 1436, Time: 00:02:29

Health: -15/37     AC:  7    Str: 22    XL:     4   Next: 42%
Magic:  3/3        EV: 11    Int:  3    God:
Gold:   99         SH:  0    Dex: 11    Spells: 3/3 levels left

rFire    . . .     SeeInvis .     - Unarmed
rCold    + . .     Gourm    .   (no shield)
rNeg     + + +     Faith    .   i - +0 scale mail
rPois    ∞         Spirit   .   b - +0 helmet
rElec    .         Reflect  .   (no cloak)
rCorr    .         Harm     .   (no gloves)
MR       .....                  (no boots)
Stlth    ..........             (no amulet)
HPRegen  0.00/turn              (no ring)
MPRegen  0.08/turn              (no ring)

@: mighty, rotting
A: rotting body, claws 1, carnivore, cold resistance 1, negative energy
resistance 3, inhibited regeneration, torment resistance, unbreathing
a: no special abilities


You were on level 3 of the Dungeon.
You were not hungry.

You visited 1 branch of the dungeon, and saw 3 of its levels.

You collected 99 gold pieces.

Inventory:

Missiles
 c - 3 throwing nets (quivered)
Armour
 b - a +0 helmet (worn)
 i - a +0 scale mail (worn)
Scrolls
 e - a scroll of fear {unknown}
 f - a scroll of identify {unknown}
 g - a scroll of immolation {unknown}
 k - a scroll of enchant weapon {unknown}
Potions
 h - a potion of might
 j - a potion of curing {unknown}
 l - a potion of haste {unknown}
Comestibles
 d - 3 rations


   Skills:
 + Level 2.4 Fighting
 - Level 1.7 Throwing
 + Level 1.0 Armour
 + Level 3.4 Dodging
 + Level 4.5 Unarmed Combat


You had 3 spell levels left.
You didn't know any spells.
Your spell library was empty.

Dungeon Overview and Level Annotations

Branches:
Dungeon (3/15)

Altars:


Innate Abilities, Weirdness & Mutations

Your body is rotting away.
You thrive on raw meat.
You are immune to poison.
You have sharp fingernails.
You are carnivorous and can eat meat at any time.
Your flesh is cold resistant. (rC+)
You are immune to negative energy. (rN+++)
You do not regenerate when monsters are visible.
You are immune to unholy pain and torment.
You can survive without breathing.


Message History

The orc is lightly wounded.
The orc hits you but does no damage. x2
You scratch the orc but do no damage.
The orc is lightly wounded.
The orc hits you from afar with a +0 trident.
The orc hits you but does no damage.
It was a potion of might.
You feel very mighty all of a sudden.
The orc priest casts a cantrip, but nothing happens.
The orc barely misses you. x2
You mangle the orc!!
You kill the orc!
The orc priest calls down the wrath of Beogh upon you.
Beogh smites you!
* * * LOW HITPOINT WARNING * * *
The orc hits you from afar with a +0 trident.
* * * LOW HITPOINT WARNING * * *
The orc priest mumbles some strange prayers to Beogh against you.
Beogh smites you!
You die...

#.##
#..#
##.# #.#
######.#
#.(.)..#
#(######
#.# #@#
#o# #o#
#g# #.#
#.# ..#
###


You could see an orc priest, an orc and a goblin.

Vanquished Creatures
  An orc wizard (D:3)
  An adder (D:2)
  A worm (D:2)
  4 dart slugs
  An orc (D:3)
  2 giant cockroaches
  7 goblins
  3 hobgoblins
  7 bats
  2 frilled lizards (D:2)
  5 kobolds
  3 rats
37 creatures vanquished.

Notes
Turn   | Place    | Note
-------+----------+-------------------------------------------
     0 | D:1      | Borgoz the Ghoul Gladiator began the quest for the Orb.
     0 | D:1      | Reached XP level 1. HP: 17/17 MP: 0/0
   265 | D:1      | Reached XP level 2. HP: 24/24 MP: 1/1
   829 | D:2      | Reached XP level 3. HP: 29/29 MP: 2/2
   906 | D:2      | Reached skill level 4 in Unarmed Combat
  1424 | D:3      | Reached skill level 1 in Armour
  1424 | D:3      | Reached XP level 4. HP: 25/37 MP: 3/3
  1436 | D:3      | Killed from afar by an orc priest

Vault maps used:
D:1:      ncdulo_wetmaze, minmay_misc_feat_chi

Skill      XL: |  1  2  3 |
---------------+----------+-----
Dodging        | 3 |  3.4
Unarmed Combat | 4 |  4.5
Armour         | 1 |  1.0
Fighting       | |  2.4
Throwing       | |  1.7

Action                   |  1- 3 |  4- 6 || total
-------------------------+-------+-------++-------
Melee: Unarmed           |   101 |     4 ||   105
  Use: Potion            |       |     1 ||     1
  Eat: Chunk             |     9 |     1 ||    10
Armor: Leather armour    |     8 |       ||     8
       Scale mail        |    38 |     4 ||    42
Dodge: Dodged            |    49 |     5 ||    54

Table legend:
 A = Non-vault XP
 B = Vault XP
 C = Vault XP percentage of total XP
 D = Non-vault monster count
 E = Vault monster count
 F = Vault count percentage of total count
                 A         B        C        D         E       F
            +---------+---------+-------+---------+---------+-------
      Total |     117 |       0 |   0.0 |      37 |       0 |   0.0
            +---------+---------+-------+---------+---------+-------
        D:1 |      29 |       0 |   0.0 |      14 |       0 |   0.0
        D:2 |      43 |       0 |   0.0 |      17 |       0 |   0.0
        D:3 |      45 |       0 |   0.0 |       6 |       0 |   0.0
            +---------+---------+-------+---------+---------+-------
